 Dungeon Crawl Stone Soup version 0.31-a0-1169-gd935f9fcdc (webtiles) character file.

Game seed: 3718624277264295157

1570 Descartes the Chopper (level 8, 0/61 HPs)
             Began as a Demonspawn Chaos Knight on Dec 10, 2023.
             Was a Plaything of Xom.
             Slain by a gnoll
             ... wielding a +1 halberd of flaming
             ... led by a gnoll bouda
              (5 damage)
             ... on level 7 of the Dungeon.
             The game lasted 00:09:46 (5714 turns).

Descartes the Chopper (Demonspawn Chaos Knight)     Turns: 5714, Time: 00:09:49

Health: 0/61       AC: 13    Str: 19    XL:     8   Next: 59%
Magic:  8/8        EV:  5    Int: 16    God:    Xom [.....*]
Gold:   197        SH:  0    Dex: 15    Spells: 5/7 levels left

rFire   . . .        a - +0 hand axe (chaos)
rCold   . . .        (no shield)
rNeg    + . .        z - +4 ring mail
rPois   .            I - +0 helmet
rElec   .            (no cloak)
rCorr   .            (no gloves)
SInv    +            (no boots)
Will    +....        (no amulet)
Stlth   +++          t - +6 ring of strength
HPRegen 0.30/turn    C - ring of positive energy
MPRegen 0.11/turn

%: clarity
@: enlightened, flying, held
A: icy blue scales 1, spiny 1, demonic touch 2, hooves 1, large bone plates 1,
camouflage 2, see invisible, agile 1, clarity, clever 1, wild magic 1
a: Renounce Religion


You were on level 7 of the Dungeon.
You worshipped Xom.
You were Xom's teddy bear.
You visited 2 branches of the dungeon, and saw 8 of its levels.

You collected 338 gold pieces.
You spent 141 gold pieces at shops.

Inventory:

Hand Weapons
 a - a +0 hand axe of chaos (weapon)
 y - a +0 hand axe of electrocution
Missiles
 i - 6 boomerangs
 j - 3 throwing nets
 G - 5 poisoned darts
 J - 8 javelins
Armour
 b - a +2 leather armour
 k - a +0 plate armour
 o - a +0 buckler
 z - a +4 ring mail (worn)
 I - a +0 helmet (worn)
Jewellery
 t - a +6 ring of strength (left hand)
 C - a ring of positive energy (right hand)
 K - a ring of positive energy
Talismans
 u - a blade talisman
Wands
 F - a wand of quicksilver (2)
Scrolls
 c - a scroll of butterflies
 e - 2 scrolls of torment {unknown}
 f - 2 scrolls of amnesia {unknown}
 g - a scroll of silence {unknown}
 h - 2 scrolls of immolation {unknown}
 l - 4 scrolls of teleportation {unknown}
 m - a scroll of enchant armour {unknown}
 q - 4 scrolls of identify {unknown}
 v - a scroll of fog {unknown}
 w - a scroll of blinking {unknown}
 x - 2 scrolls of acquirement {unknown}
 D - 3 scrolls of enchant weapon {unknown}
 E - a scroll of revelation {unknown}
 H - a scroll of poison {unknown}
Potions
 d - 4 potions of curing {unknown}
 n - 4 potions of enlightenment
 p - a potion of cancellation {unknown}
 r - a potion of mutation {unknown}
 s - 2 potions of brilliance {unknown}
 A - a potion of degeneration {unknown}
 B - a potion of invisibility {unknown}


   Skills:
 + Level 4.7 Fighting
 + Level 5.5 Axes
 + Level 5.1 Armour
 - Level 0.8 Dodging
 + Level 4.1 Shields
 + Level 4.1 Translocations


You had 5 spell levels left.
You knew the following spells:

 Your Spells              Type           Power      Damage    Failure   Level
a - Blink                 Tloc           34%        N/A       16%         2

Your spell library contained the following spells:

 Spells                   Type           Power      Damage    Failure   Level
 Lesser Beckoning         Tloc           34%        N/A       16%         2
 Momentum Strike          Conj/Tloc      16%        3d8       34%         2
 Shock                    Conj/Air       0%         1d3       47%         1
 Summon Guardian Golem    Hex/Summ       0%         N/A       83%         3
 Swiftness                Air            0%         N/A       83%         3
 Airstrike                Air            0%         2d(0-16)  99%         4
 Summon Forest            Summ/Tloc      4%         N/A       99%         5
 Summon Mana Viper        Hex/Summ       0%         N/A       100%        5
 Summon Cactus Giant      Summ           0%         N/A       100%        6
 Orb of Destruction       Conj           0%         9d5       100%        7
 Spellforged Servitor     Conj/Summ      0%         N/A       100%        7


Dungeon Overview and Level Annotations

Branches:
Dungeon (7/15)             Temple (1/1) D:6

Altars:
Ashenzari
Dithmenos
Fedhas
Gozag
Hepliaklqana
Kikubaaqudgha
Nemelex Xobeh
Okawaru
Qazlal
Ru
Sif Muna
Trog
Uskayaw
Vehumet
Xom
Yredelemnul

Shops:
D:1 (   D:4 *


Innate Abilities, Weirdness & Mutations

You are partially covered in icy blue scales. (AC +2)
You are partially covered in sharp spines.
Your touch may inflict irresistible damage on your foes.
You have large cloven feet.
You are partially covered in large bone plates. (SH +4)
Your skin blends seamlessly with your surroundings (Stealth++).
You have supernaturally acute eyesight. (SInv)
You are agile. (Dex +4, Str/Int -1)
You possess an exceptional clarity of mind.
Your mind is acute. (Int +4, Str/Dex -1)
Your spells are a little harder to cast, but a little more powerful.


Message History

You kick the gnoll bouda, but do no damage.
The gnoll bouda is heavily wounded.
You barely miss the gnoll. The gnoll is struck by your spines.
You kill the gnoll!
The gnoll bouda hits you with a +0 club.
The gnoll hits you from afar with a +1 halberd of flaming.
The gnoll burns you.
You are too injured to fight recklessly!
Unknown command.
You are too injured to fight recklessly!
Unknown command.
You are too injured to fight recklessly!
Unknown command.
You are too injured to fight recklessly!
Unknown command.
You completely miss the gnoll bouda.
You kick the gnoll bouda, but do no damage.
The gnoll bouda is severely wounded.
The gnoll throws a throwing net.
The throwing net hits you.
You become entangled in the net!
The gnoll bouda hits you with a +0 club.
The gnoll hits you from afar with a +1 halberd of flaming!
The gnoll burns you.
* * * LOW HITPOINT WARNING * * *
You struggle against the net.
Your attacks no longer feel as feeble.
The gnoll bouda is struck by your spines.
The gnoll bouda hits you but does no damage.
The gnoll hits you from afar with a +1 halberd of flaming.
* * * LOW HITPOINT WARNING * * *
The gnoll burns you.
* * * LOW HITPOINT WARNING * * *
It was a potion of enlightenment.
You feel very buoyant.
You fly up into the air.
The gnoll hits you with a +0 whip.
* * * LOW HITPOINT WARNING * * *
The gnoll bouda is struck by your spines.
The gnoll bouda closely misses you.
The gnoll hits you from afar with a +1 halberd of flaming.
You die...

## ###'###...# ##.#####
##.....##..####......#
##..)8...##.##.........#
#.........#......../....#
#.⌠._._.⌠.###.......)....
#.........# #.....8...[.#
####...8...####....8<8....#
#..##.....##.###gg..8.....#
#...#######....@g........#
##...# #...###.........
...### #...###........ ...#
#....##....... ..##
##.....#....... .##
##...........>.. .#
#####..#####........ .#
#.......# .#...... ##
#.......# ##..


You could see a gnoll bouda (poisoned) and 2 gnolls.

Vanquished Creatures
  Eustachio (D:4)
  An orc warrior (D:6)
  A sky beast (D:7)
  2 ogres
  A centaur (D:5)
  A phantom (D:6)
  A scorpion (D:6)
  A gnoll sergeant (D:7)
  3 hounds
  3 jellies
  3 orc priests
  3 iguanas
  2 sleepcaps
  7 orc wizards
  8 gnolls (D:7)
  5 adders
  A river rat (D:5)
  A shadow imp (D:6)
  A white imp (D:6)
  2 worms
  A dart slug (D:3)
  21 orcs
  2 endoplasms
  3 giant cockroaches
  8 goblins
  6 hobgoblins
  10 jackals
  10 kobolds
  3 quokkas
  7 ball pythons
  4 bats
  3 frilled lizards
  4 rats
130 creatures vanquished.

Notes
Turn   | Place    | Note
-------+----------+-------------------------------------------
     0 | D:1      | Descartes the Demonspawn Chaos Knight began the quest for
                  | the Orb.
     0 | D:1      | Reached XP level 1. HP: 18/18 MP: 1/1
    10 | D:1      | Found Osegudwy's Antique Weapon Boutique.
   114 | D:1      | Gained mutation: Your touch may inflict minor irresistible
                  | damage on your foes. [demonic ancestry]
   114 | D:1      | Reached XP level 2. HP: 24/24 MP: 2/2
   221 | D:1      | Found a faded altar of an unknown god.
   846 | D:2      | Gained mutation: You are partially covered in icy blue
                  | scales. (AC +2) [demonic ancestry]
   846 | D:2      | Reached XP level 3. HP: 29/29 MP: 3/3
   852 | D:2      | XOM: silly message
   927 | D:2      | XOM: god gift: 41 gold pieces
   988 | D:2      | XOM: silly message
  1833 | D:3      | Learned a level 2 spell: Blink
  1897 | D:3      | Found a bloodstained altar of Trog.
  1959 | D:3      | XOM: cloud trail
  2033 | D:3      | Found an ancient bone altar of Kikubaaqudgha.
  2183 | D:3      | Reached XP level 4. HP: 35/35 MP: 4/4
  2200 | D:3      | Found a broken altar of Ashenzari.
  2274 | D:3      | Reached skill level 1 in Translocations
  2287 | D:3      | XOM: silly message
  2411 | D:4      | XOM: divination: detect items
  2424 | D:4      | XOM: noise
  2431 | D:4      | Reached skill level 1 in Shields
  2437 | D:4      | Reached XP level 5. HP: 19/41 MP: 5/5
  2534 | D:4      | Found Jes Isum's Assorted Antiques.
  2542 | D:4      | Bought an emerald potion for 18 gold pieces
  2542 | D:4      | Bought a smoky green potion for 18 gold pieces
  2542 | D:4      | Bought a scratched steel ring for 105 gold pieces
  2659 | D:4      | Found a basalt altar of Yredelemnul.
  2687 | D:4      | Found a stormy altar of Qazlal.
  2869 | D:4      | XOM: confuse monster(s)
  2917 | D:4      | Noticed Eustachio
  2917 | D:4      | XOM: enchant monster (good)
  2927 | D:4      | Killed Eustachio
  2928 | D:4      | Gained mutation: You are partially covered in sharp spines.
                  | [demonic ancestry]
  2928 | D:4      | Reached XP level 6. HP: 44/47 MP: 6/6
  3008 | D:4      | XOM: summons friendly quasit
  3446 | D:5      | XOM: noise
  3446 | D:5      | Entered Level 5 of the Dungeon
  3533 | D:5      | Reached XP level 7. HP: 52/52 MP: 7/7
  3791 | D:5      | XOM: 1-stop teleportation journey
  3802 | D:5      | XOM: polymorph orc wizard -> river rat
  4263 | D:5      | XOM: give mutations
  4263 | D:5      | Gained mutation: Your skin changes colour to match your
                  | surroundings (Stealth+). [Xom's grace]
  4263 | D:5      | Gained mutation: You have supernaturally acute eyesight.
                  | (SInv) [Xom's grace]
  4263 | D:5      | Gained mutation: You possess an exceptional clarity of
                  | mind. [Xom's grace]
  4466 | D:6      | XOM: give mutations
  4466 | D:6      | Gained mutation: You are partially covered in large bone
                  | plates. (SH +4) [Xom's grace]
  4466 | D:6      | Gained mutation: Your spells are a little harder to cast,
                  | but a little more powerful. [Xom's grace]
  4537 | D:6      | Found a staircase to the Ecumenical Temple.
  4548 | Temple   | Entered the Ecumenical Temple
  4556 | D:6      | XOM: 1-stop teleportation journey
  4580 | D:6      | XOM: give mutations
  4580 | D:6      | Gained mutation: Your mind is acute. (Int +4, Str/Dex -1)
                  | [Xom's grace]
  4580 | D:6      | Gained mutation: You are agile. (Dex +4, Str/Int -1) [Xom's
                  | grace]
  4580 | D:6      | Gained mutation: You have large cloven feet. [Xom's grace]
  4580 | D:6      | Gained mutation: Your skin blends seamlessly with your
                  | surroundings (Stealth++). [Xom's grace]
  4620 | D:6      | XOM: god gift: scroll labelled NOPNOMM BADYORUS {god gift}
  4636 | D:6      | Found a radiant altar of Vehumet.
  4753 | D:6      | Found an iron altar of Okawaru.
  4766 | D:6      | XOM: smoke on damage
  4773 | D:6      | Reached skill level 5 in Axes
  4773 | D:6      | Gained mutation: Your touch may inflict irresistible damage
                  | on your foes. [demonic ancestry]
  4773 | D:6      | Reached XP level 8. HP: 29/60 MP: 8/8
  4789 | D:6      | XOM: cleaving
  4941 | D:6      | XOM: god gift: book of the Wilderness
  5127 | D:6      | XOM: scenery: create altars
  5401 | D:7      | Reached skill level 5 in Armour
  5539 | D:7      | Found an opulent altar of Gozag.
  5540 | D:7      | Found a sparkling altar of Nemelex Xobeh.
  5574 | D:7      | XOM: god gift: 6 stones
  5707 | D:7      | XOM: god gift: scroll labelled AKKOTS TOJE {god gift}
  5714 | D:7      | Slain by a gnoll

Illustrated notes

Levels and vault maps discovered:
D:1:      minmay_arrival_glassed_features, layout_basic,
          hellmonk_ecumenical_altar_inner_sanctum, serial_shops,
          nicolae_shop_overgrown_old_shop, serial_park_tiny_2,
          kennysheep_flooded_box
D:2:      layout_loops_corners, minmay_misc_feat_pillars, grunt_ministairs_13,
          nicolae_twisty_statue_hallways
D:3:      layout_loops_cross, marbit_many_paths, general_overflow_altar,
          nicolae_kikubaaqudgha_miasma_corner
D:4:      layout_loops_corners, mainiacjoe_overflow_catwalk,
          yredelemnul_altar_generic, serial_shops, nicolae_stop_n_shop_2,
          uniq_eustachio
D:5:      layout_basic
D:6:      layout_basic, okawaru_trees_2, vehumet_crystals,
          minmay_temple_entry_waves, minmay_fractal_squares_gapless_5
D:7:      layout_rooms, grunt_temple_overflow_opulence, st_stairs_14,
          nicolae_elemental_shop, uniq_jeremiah
Temple:   hellmonk_temple_flake

Skill      XL: |  1  2  3  4  5  6  7  8 |
---------------+-------------------------+-----
Armour         | 2 3 4 5 |  5.1
Axes           | 3 4 5 |  5.5
Translocations | 1 2 3 4 |  4.1
Shields        | 1 2 3 4 |  4.1
Fighting       | 4 |  4.7
Dodging        | |  0.8

Action                     |  1- 3 |  4- 6 |  7- 9 || total
---------------------------+-------+-------+-------++-------
  Melee: Hand axe          |   103 |    95 |   112 ||   310
         Touch             |    12 |    21 |    21 ||    54
         Punch             |       |     1 |     2 ||     3
         Kick              |       |       |    22 ||    22
    Use: Potion            |       |       |     1 ||     1
   Stab: Sleeping          |     2 |       |     2 ||     4
         Petrified         |       |     6 |       ||     6
         Confused          |       |       |     1 ||     1
 Armour: Leather armour    |    30 |       |       ||    30
         Plate armour      |    49 |    92 |    22 ||   163
         Ring mail         |       |       |    92 ||    92
  Dodge: Dodged            |    32 |    31 |    49 ||   112
  Block: Other             |       |       |    10 ||    10

Table legend: (Time is in decaauts)
 A = Elapsed time spent in this place.
 B = Non-inter-level travel time spent in this place.
 C = Inter-level travel time spent in this place.
 D = Time resting spent in this place.
 E = Time spent auto-exploring this place.
 F = Levels seen in this place.
 G = Mean time per level.
                   A        B        C        D        E       F      G
               +--------+--------+--------+--------+--------+-----+--------+
         Total |   5743 |   5573 |    170 |      0 |   4710 |   8 |  717.9 |
       Dungeon |   5739 |   5569 |    170 |      0 |   4710 |   7 |  819.9 |
        Temple |      4 |      4 |      0 |      0 |      0 |   1 |    4.0 |
               +--------+--------+--------+--------+--------+-----+--------+

Top non-repeatable levels by time:
     D:4: 1073 daAuts
     D:6: 992 daAuts
     D:5: 952 daAuts
     D:2: 835 daAuts
     D:3: 786 daAuts
     D:1: 773 daAuts
     D:7: 326 daAuts
  Temple: 4 daAuts
